[ PARTIDA AOE2 · #506361148 ]
UnrankedDrávidas vs Khitans
Equipo del jugador · DERR
Equipo rival · VICT
[ ANÁLISIS DE REPETICIÓN · EXTRAÍDO DE LA PARTIDA GRABADA ]
Feudal
12:11
Castillos
27:26
Imperial
—
| APM promedio | 85.6 |
| APM pico | 140 |
| eAPM promedio | 42.3 |
| Aldeanos / militares | 63 / 83 |
Foco
⚔️ 43.1% · 🌾 56.9%
Archer ×54 · Skirmisher ×16 · Spearman ×7 · Militia ×3 · Mangonel ×3
Feudal
9:26
Castillos
21:22
Imperial
—
| APM promedio | 36.5 |
| APM pico | 58 |
| eAPM promedio | 17.0 |
| Aldeanos / militares | 72 / 71 |
Foco
⚔️ 28.3% · 🌾 71.7%
Steppe Lancer ×51 · Iron Pagoda ×7 · Scout Cavalry ×5 · Camel Scout ×4 · Battering Ram ×3 · Monk ×1
Mapa de la partida
Recursos iniciales + cada clic de construcción. Líneas = muros · curvas = relieve. ◆ oro · ⬟ piedra · ● bayas · ✦ reliquia · ◌ hueco del cierre
Tu base· ✓ Cerrada en 27:26 · 81t muro · 1 puerta(s)
Base de SJSJ· Abierta — el rival se encerró
Terreno inicial suavizado · ◌ = hueco del cierre detectado · pasá el cursor para detalles
Inputs por minuto
— OaRMäR - - SJSJ
Build order — OaRMäR
Primeras 150 de 231 acciones detectadas
| 0:00 | Encolar | Villager (Male) |
| 0:01 | Encolar | Villager (Male) |
| 0:01 | Encolar | Villager (Male) |
| 0:02 | Construir | House |
| 0:04 | Construir | House |
| 0:26 | Encolar | Villager (Male) |
| 1:30 | Encolar | Villager (Male) |
| 1:56 | Construir | Lumber Camp |
| 2:04 | Construir | Lumber Camp |
| 2:10 | Encolar | Villager (Male) |
| 2:17 | Encolar | Villager (Male) |
| 2:50 | Encolar | Villager (Male) |
| 3:05 | Encolar | Villager (Male) |
| 3:35 | Encolar | Villager (Male) |
| 3:51 | Encolar | Villager (Male) |
| 3:55 | Construir | House |
| 4:51 | Construir | Barracks |
| 5:00 | Encolar | Villager (Male) |
| 5:00 | Encolar | Villager (Male) |
| 5:31 | Encolar | Villager (Male) |
| 5:36 | Construir | House |
| 5:47 | Encolar | Villager (Male) |
| 5:53 | Construir | Palisade Wall |
| 5:56 | Encolar | Militia |
| 6:00 | Encolar | Militia |
| 6:27 | Encolar | Villager (Male) |
| 6:27 | Encolar | Militia |
| 6:32 | Construir | Mill |
| 7:13 | Construir | Farm |
| 7:35 | Encolar | Villager (Male) |
| 7:42 | Encolar | Villager (Male) |
| 7:45 | Construir | Palisade Wall |
| 7:46 | Construir | Palisade Wall |
| 7:55 | Encolar | Villager (Male) |
| 7:58 | Construir | Farm |
| 8:05 | Construir | Palisade Wall |
| 8:08 | Construir | Palisade Wall |
| 8:57 | Construir | Palisade Wall |
| 8:58 | Construir | Palisade Wall |
| 9:18 | Encolar | Villager (Male) |
| 9:22 | Construir | House |
| 9:31 | Construir | Farm |
| 9:36 | Investigar | Loom |
| 9:37 | Investigar | Feudal Age |
| 9:37 | Investigar | Feudal Age |
| 10:11 | Encolar | Villager (Male) |
| 10:37 | Construir | Farm |
| 10:40 | Construir | Mining Camp |
| 11:04 | Construir | Palisade Wall |
| 11:07 | Construir | Palisade Wall |
| 11:08 | Construir | Palisade Wall |
| 11:59 | Construir | Palisade Wall |
| 12:11 | Edad | Edad Feudal |
| 12:19 | Construir | Archery Range |
| 12:22 | Encolar | Spearman |
| 12:36 | Encolar | Villager (Male) |
| 12:38 | Investigar | Double-Bit Axe |
| 12:54 | Encolar | Villager (Male) |
| 13:07 | Investigar | Horse Collar |
| 13:08 | Investigar | Horse Collar |
| 13:08 | Encolar | Villager (Male) |
| 13:11 | Construir | Farm |
| 13:25 | Construir | House |
| 13:27 | Construir | Palisade Wall |
| 13:29 | Construir | Palisade Wall |
| 13:30 | Construir | Palisade Wall |
| 13:35 | Construir | Palisade Wall |
| 13:40 | Construir | Farm |
| 13:44 | Construir | House |
| 13:48 | Encolar | Spearman |
| 13:54 | Construir | Palisade Wall |
| 13:58 | Construir | House |
| 14:02 | Construir | Palisade Wall |
| 14:03 | Construir | Palisade Wall |
| 14:47 | Construir | Farm |
| 14:58 | Encolar | Archer |
| 15:00 | Encolar | Villager (Male) |
| 15:07 | Encolar | Spearman |
| 15:08 | Encolar | Spearman |
| 15:56 | Encolar | Skirmisher |
| 15:56 | Encolar | Skirmisher |
| 16:06 | Encolar | Villager (Male) |
| 16:34 | Encolar | Villager (Male) |
| 16:44 | Construir | Archery Range |
| 17:02 | Encolar | Villager (Male) |
| 17:14 | Construir | Blacksmith |
| 17:21 | Encolar | Archer |
| 17:36 | Construir | House |
| 17:52 | Encolar | Archer |
| 17:54 | Encolar | Villager (Male) |
| 17:57 | Encolar | Skirmisher |
| 17:58 | Encolar | Skirmisher |
| 17:59 | Encolar | Villager (Male) |
| 18:03 | Construir | House |
| 18:07 | Construir | Palisade Wall |
| 18:30 | Investigar | Fletching |
| 18:31 | Investigar | Fletching |
| 18:43 | Construir | Lumber Camp |
| 18:50 | Construir | House |
| 18:53 | Encolar | Villager (Male) |
| 18:55 | Encolar | Archer |
| 19:04 | Encolar | Villager (Male) |
| 19:04 | Encolar | Villager (Male) |
| 19:09 | Investigar | Wheelbarrow |
| 19:19 | Encolar | Spearman |
| 19:26 | Investigar | Gold Mining |
| 19:30 | Investigar | Padded Archer Armor |
| 19:30 | Investigar | Padded Archer Armor |
| 19:35 | Encolar | Archer |
| 19:46 | Construir | Palisade Wall |
| 20:02 | Encolar | Archer |
| 20:03 | Encolar | Villager (Male) |
| 20:18 | Encolar | Villager (Male) |
| 20:19 | Encolar | Archer |
| 20:22 | Encolar | Skirmisher |
| 20:22 | Encolar | Skirmisher |
| 20:33 | Encolar | Spearman |
| 21:13 | Encolar | Archer |
| 21:13 | Encolar | Archer |
| 21:13 | Encolar | Archer |
| 21:44 | Encolar | Villager (Male) |
| 22:16 | Encolar | Archer |
| 22:17 | Encolar | Archer |
| 22:19 | Encolar | Villager (Male) |
| 22:23 | Construir | Market |
| 22:34 | Encolar | Villager (Male) |
| 22:39 | Encolar | Spearman |
| 22:46 | Encolar | Archer |
| 22:46 | Encolar | Archer |
| 22:50 | Construir | House |
| 23:40 | Encolar | Archer |
| 23:40 | Encolar | Archer |
| 24:46 | Investigar | Castle Age |
| 24:52 | Encolar | Archer |
| 24:52 | Encolar | Archer |
| 24:53 | Encolar | Archer |
| 25:07 | Encolar | Villager (Male) |
| 25:09 | Construir | Farm |
| 25:26 | Construir | Mining Camp |
| 25:57 | Encolar | Villager (Male) |
| 26:11 | Encolar | Archer |
| 26:11 | Encolar | Archer |
| 26:12 | Encolar | Archer |
| 26:12 | Encolar | Archer |
| 26:12 | Encolar | Archer |
| 26:14 | Construir | Archery Range |
| 26:18 | Encolar | Archer |
| 26:19 | Encolar | Archer |
| 26:20 | Encolar | Archer |
| 26:23 | Construir | Lumber Camp |
Build order — SJSJ
Primeras 150 de 198 acciones detectadas
| 0:09 | Encolar | Villager (Male) |
| 0:10 | Encolar | Villager (Male) |
| 0:10 | Encolar | Villager (Male) |
| 0:11 | Construir | House |
| 0:13 | Construir | House |
| 0:33 | Encolar | Villager (Male) |
| 0:33 | Encolar | Villager (Male) |
| 1:40 | Encolar | Villager (Male) |
| 1:56 | Construir | Lumber Camp |
| 2:10 | Encolar | Villager (Male) |
| 2:28 | Encolar | Villager (Male) |
| 2:28 | Encolar | Villager (Male) |
| 3:02 | Encolar | Villager (Male) |
| 3:24 | Encolar | Villager (Male) |
| 3:25 | Encolar | Villager (Male) |
| 3:56 | Encolar | Villager (Male) |
| 3:56 | Encolar | Villager (Male) |
| 4:00 | Construir | House |
| 4:02 | Construir | House |
| 4:30 | Encolar | Villager (Male) |
| 4:57 | Construir | Mill |
| 4:58 | Encolar | Villager (Male) |
| 5:17 | Encolar | Villager (Male) |
| 5:51 | Encolar | Villager (Male) |
| 6:20 | Encolar | Villager (Male) |
| 6:20 | Encolar | Villager (Male) |
| 6:36 | Investigar | Loom |
| 7:16 | Investigar | Feudal Age |
| 7:51 | Construir | Barracks |
| 8:22 | Construir | House |
| 9:17 | Encolar | Villager (Male) |
| 9:26 | Edad | Edad Feudal |
| 9:36 | Construir | Stable |
| 10:02 | Encolar | Villager (Male) |
| 10:36 | Encolar | Scout Cavalry |
| 10:36 | Encolar | Scout Cavalry |
| 10:38 | Encolar | Villager (Male) |
| 10:41 | Construir | Pasture |
| 10:48 | Construir | House |
| 10:57 | Construir | Mill |
| 11:02 | Encolar | Scout Cavalry |
| 11:04 | Encolar | Villager (Male) |
| 11:33 | Construir | Pasture |
| 11:38 | Encolar | Villager (Male) |
| 11:43 | Construir | House |
| 11:47 | Construir | Palisade Wall |
| 11:54 | Encolar | Scout Cavalry |
| 12:13 | Construir | Pasture |
| 12:22 | Encolar | Villager (Male) |
| 12:33 | Construir | House |
| 12:40 | Encolar | Villager (Male) |
| 12:57 | Encolar | Villager (Male) |
| 13:15 | Construir | Pasture |
| 13:16 | Encolar | Villager (Male) |
| 13:51 | Encolar | Villager (Male) |
| 13:58 | Encolar | Villager (Male) |
| 14:16 | Construir | Pasture |
| 14:26 | Investigar | Double-Bit Axe |
| 14:48 | Construir | House |
| 14:49 | Construir | House |
| 15:05 | Encolar | Villager (Male) |
| 15:24 | Encolar | Villager (Male) |
| 15:25 | Construir | Pasture |
| 15:55 | Construir | Blacksmith |
| 16:07 | Encolar | Villager (Male) |
| 16:13 | Construir | Mining Camp |
| 16:25 | Construir | Palisade Wall |
| 16:26 | Construir | Palisade Wall |
| 16:31 | Encolar | Villager (Male) |
| 16:37 | Construir | House |
| 16:56 | Encolar | Villager (Male) |
| 16:59 | Investigar | Wheelbarrow |
| 17:03 | Construir | House |
| 17:21 | Construir | Palisade Wall |
| 17:49 | Construir | House |
| 17:54 | Construir | Palisade Wall |
| 18:00 | Construir | Stable |
| 18:08 | Encolar | Scout Cavalry |
| 18:20 | Investigar | Forging |
| 18:42 | Investigar | Castle Age |
| 19:06 | Construir | Palisade Wall |
| 19:12 | Investigar | Gold Mining |
| 19:14 | Investigar | Tech 1014 |
| 19:40 | Construir | House |
| 19:43 | Construir | Palisade Wall |
| 19:47 | Construir | Lumber Camp |
| 20:03 | Investigar | Scale Barding Armor |
| 20:18 | Construir | Pasture |
| 20:29 | Construir | Palisade Wall |
| 20:37 | Encolar | Villager (Male) |
| 21:22 | Edad | Edad de los Castillos |
| 21:23 | Construir | Watch Tower |
| 21:25 | Encolar | Camel Scout |
| 21:25 | Encolar | Camel Scout |
| 21:35 | Encolar | Steppe Lancer |
| 21:35 | Encolar | Steppe Lancer |
| 21:48 | Construir | Pasture |
| 22:06 | Encolar | Steppe Lancer |
| 22:06 | Encolar | Steppe Lancer |
| 22:26 | Encolar | Villager (Male) |
| 22:38 | Investigar | Iron Casting |
| 22:49 | Encolar | Villager (Male) |
| 23:05 | Construir | Pasture |
| 23:06 | Encolar | Villager (Male) |
| 23:11 | Encolar | Steppe Lancer |
| 23:51 | Encolar | Steppe Lancer |
| 23:53 | Encolar | Villager (Male) |
| 23:57 | Construir | Pasture |
| 24:00 | Encolar | Villager (Male) |
| 24:10 | Encolar | Steppe Lancer |
| 24:17 | Encolar | Villager (Male) |
| 24:24 | Encolar | Steppe Lancer |
| 24:25 | Encolar | Steppe Lancer |
| 24:41 | Encolar | Villager (Male) |
| 24:52 | Encolar | Steppe Lancer |
| 24:52 | Encolar | Steppe Lancer |
| 24:54 | Encolar | Villager (Male) |
| 25:15 | Encolar | Steppe Lancer |
| 25:16 | Encolar | Villager (Male) |
| 25:16 | Encolar | Villager (Male) |
| 25:54 | Encolar | Villager (Male) |
| 26:05 | Encolar | Steppe Lancer |
| 26:05 | Encolar | Steppe Lancer |
| 26:06 | Encolar | Villager (Male) |
| 26:13 | Encolar | Villager (Male) |
| 26:27 | Construir | Palisade Wall |
| 26:46 | Construir | Stable |
| 26:49 | Encolar | Villager (Male) |
| 26:55 | Investigar | Bow Saw |
| 27:05 | Encolar | Steppe Lancer |
| 27:05 | Encolar | Steppe Lancer |
| 27:18 | Encolar | Steppe Lancer |
| 27:27 | Construir | House |
| 27:29 | Construir | House |
| 27:30 | Construir | House |
| 27:40 | Encolar | Steppe Lancer |
| 27:55 | Encolar | Villager (Male) |
| 27:58 | Encolar | Steppe Lancer |
| 28:19 | Encolar | Steppe Lancer |
| 28:20 | Encolar | Steppe Lancer |
| 28:32 | Encolar | Villager (Male) |
| 28:44 | Construir | Siege Workshop |
| 28:49 | Encolar | Villager (Male) |
| 28:55 | Construir | Pasture |
| 29:20 | Encolar | Steppe Lancer |
| 29:20 | Encolar | Steppe Lancer |
| 29:21 | Encolar | Villager (Male) |
| 29:26 | Encolar | Iron Pagoda |
| 29:34 | Construir | House |
| 29:40 | Encolar | Villager (Male) |
Cronología de la partida
| 4:51 | OaRMäR · first_building Barracks |
| 5:53 | OaRMäR · wall_segment Palisade Wall x4 |
| 7:45 | OaRMäR · wall_segment Palisade Wall x5 |
| 7:46 | OaRMäR · wall_segment Palisade Wall x3 |
| 7:51 | SJSJ · first_building Barracks |
| 8:05 | OaRMäR · wall_segment Palisade Wall x2 |
| 8:08 | OaRMäR · wall_segment Palisade Wall x16 |
| 8:57 | OaRMäR · wall_segment Palisade Wall x5 |
| 8:58 | OaRMäR · wall_segment Palisade Wall x3 |
| 9:26 | SJSJ · age_up feudal |
| 9:36 | SJSJ · first_building Stable |
| 11:04 | OaRMäR · wall_segment Palisade Wall x2 |
| 11:07 | OaRMäR · wall_segment Palisade Wall x12 |
| 11:08 | OaRMäR · wall_segment Palisade Wall x1 |
| 11:47 | SJSJ · wall_segment Palisade Wall x1 |
| 11:59 | OaRMäR · wall_segment Palisade Wall x7 |
| 12:11 | OaRMäR · age_up feudal |
| 12:19 | OaRMäR · first_building Archery Range |
| 13:27 | OaRMäR · wall_segment Palisade Wall x1 |
| 13:29 | OaRMäR · wall_segment Palisade Wall x1 |
| 13:30 | OaRMäR · wall_segment Palisade Wall x1 |
| 13:35 | OaRMäR · wall_segment Palisade Wall x1 |
| 13:54 | OaRMäR · wall_segment Palisade Wall x1 |
| 14:02 | OaRMäR · wall_segment Palisade Wall x1 |
| 14:03 | OaRMäR · wall_segment Palisade Wall x1 |
| 16:25 | SJSJ · wall_segment Palisade Wall x1 |
| 16:26 | SJSJ · wall_segment Palisade Wall x8 |
| 17:21 | SJSJ · wall_segment Palisade Wall x1 |
| 17:54 | SJSJ · wall_segment Palisade Wall x9 |
| 18:07 | OaRMäR · wall_segment Palisade Wall x6 |
| 19:06 | SJSJ · wall_segment Palisade Wall x9 |
| 19:43 | SJSJ · wall_segment Palisade Wall x1 |
| 19:46 | OaRMäR · wall_segment Palisade Wall x7 |
| 20:29 | SJSJ · wall_segment Palisade Wall x1 |
| 21:22 | SJSJ · age_up castle |
| 24:40 | OaRMäR · first_market_buy 100 food |
| 24:44 | OaRMäR · first_market_sell 100 wood |
| 26:27 | SJSJ · wall_segment Palisade Wall x1 |
| 26:27 | OaRMäR · wall_segment Palisade Wall x4 |
| 27:26 | OaRMäR · age_up castle |
| 28:44 | SJSJ · first_building Siege Workshop |
| 29:30 | OaRMäR · first_building Siege Workshop |
| 38:11 | SJSJ · first_building Monastery |
| 39:51 | OaRMäR · resign |
[ ANÁLISIS IA · 1 CRÉDITO ]
¿Qué pasó realmente en esta partida?
Wolo.gg analiza cada decisión: build order, eco, micro, errores típicos por bracket. Análisis personalizado por WhatsApp o Discord en 30 segundos.
Guía civ
Drávidas
Perfil
Jugador #2106972